 Dungeon Crawl Stone Soup version 0.26.1-11-gd32895ea62 (webtiles) character file.

Game seed: 11795762176149798832

5179 Zeld the Impaler (level 10, -9/74 HPs)
             Began as a Merfolk Gladiator on May 25, 2021.
             Was a Follower of Yredelemnul.
             Mangled by a skeletal warrior
             ... wielding a +0 dire flail
             ... led by a skeletal warrior
              (31 damage)
             ... on level 10 of the Dungeon.
             The game lasted 00:26:18 (18189 turns).

Zeld the Impaler (Merfolk Gladiator)               Turns: 18189, Time: 00:26:19

Health: -9/74      AC:  7    Str: 17    XL:     10   Next: 60%
Magic:  13/13      EV: 16    Int:  8    God:    Yredelemnul [*.....]
Gold:   553        SH:  0    Dex: 16    Spells: 9/9 levels left

rFire    . . .     SeeInvis .   s - +3 halberd
rCold    . . .     Faith    .   (shield currently unavailable)
rNeg     . . .     Spirit   .   A - +0 troll leather armour
rPois    .         Reflect  .   c - +0 helmet
rElec    .         Harm     .   x - +0 cloak
rCorr    .         Rampage  .   (no gloves)
Will     .....                  a - +0 pair of boots
Stlth    +.........             (no amulet)
HPRegen  0.62/turn              D - ring of wizardry
MPRegen  0.13/turn              (no ring)

@: no status effects
A: change form in water, swift swim, stealthy swim
a: Renounce Religion, Animate Remains


You were on level 10 of the Dungeon.
You worshipped Yredelemnul.
Yredelemnul was aware of your devotion.
You visited 2 branches of the dungeon, and saw 11 of its levels.

You collected 553 gold pieces.

Inventory:

Hand Weapons
 s - a +3 halberd (weapon)
Missiles
 u - 8 javelins (quivered)
 z - 5 boomerangs
Armour
 a - a +0 pair of boots (worn)
 c - a +0 helmet (worn)
 x - a +0 cloak (worn)
 A - a +0 troll leather armour (worn)
Jewellery
 b - an uncursed ring of protection from cold
 D - a ring of wizardry (left hand)
Wands
 C - a wand of random effects (42)
Scrolls
 f - 2 scrolls of enchant armour
 k - 5 scrolls of remove curse
 l - 6 scrolls of amnesia
 m - 3 scrolls of teleportation
 o - a scroll of magic mapping
 r - 2 scrolls of fear
 y - 3 scrolls of identify
 B - a scroll of blinking
Potions
 e - a potion of haste {unknown}
 g - 3 potions of invisibility {unknown}
 h - a potion of might {unknown}
 i - 4 potions of brilliance {unknown}
 j - a potion of mutation {unknown}
 n - a potion of magic {unknown}
 p - 3 potions of curing {unknown}
 q - 4 potions of attraction {unknown}
 t - a potion of heal wounds {unknown}
 v - 3 potions of ambrosia {unknown}
 w - 2 potions of flight {unknown}


   Skills:
 - Level 5.0 Fighting
 - Level 16.0 Polearms
 * Level 7.2 Throwing
 - Level 6.8 Dodging
 - Level 4.3 Invocations


You had 9 spell levels left.
You didn't know any spells.
Your spell library contained the following spells:

 Spells                   Type           Power        Failure   Level
 Beastly Appendage        Tmut           0%           21%         1
 Summon Small Mammal      Summ           0%           21%         1
 Call Imp                 Summ           0%           32%         2
 Wereblood                Tmut           0%           32%         2
 Call Canine Familiar     Summ           0%           52%         3
 Spider Form              Tmut/Pois      0%           52%         3
 Summon Guardian Golem    Hex/Summ       0%           52%         3
 Ice Form                 Ice/Tmut       0%           88%         4
 Summon Ice Beast         Ice/Summ       0%           88%         4
 Summon Lightning Spire   Summ/Air       0%           88%         4
 Blade Hands              Tmut           0%           99%         5


Dungeon Overview and Level Annotations

Branches:
Dungeon (10/15)            Temple (1/1) D:7             Orc (0/2) D:9
   Lair: D:8-11

Altars:
Ashenzari
Cheibriados
Dithmenos
Elyvilon
Fedhas
Gozag
Hepliaklqana
Kikubaaqudgha
Makhleb
Nemelex Xobeh
Okawaru
Qazlal
Ru
Sif Muna
Trog
Uskayaw
Vehumet
Wu Jian
Xom
Yredelemnul
Zin
The Shining One


Message History

Your +0 pair of boots melds into your body.
Your +0 pair of boots unmelds from your body.
Aiming: Random Effects
Press: ? - help, Shift-Dir - straight line, f/p - skeletal warrior
Aim: a skeletal warrior, wielding a +0 morningstar (moderately damaged)
The fireball explodes!
The fireball engulfs the skeletal warrior.
The skeletal warrior is heavily damaged.
You hear two shouts!
The two-headed ogre is engulfed in a cloud of scalding steam.
A skeletal warrior comes into view. It is wielding a +0 short sword.
A skeletal warrior comes into view. It is wielding a +0 dire flail.
The skeletal warrior hits you with a +0 short sword.
Found an encrusted silver ring.
The skeletal warrior closely misses you.
The skeletal warrior hits you with a +0 short sword!!
* * * LOW HITPOINT WARNING * * *
The skeletal warrior hits you with a +0 dire flail!!
You die...
Your body rises from the dead as a mindless zombie.

.....≈≈.######...######..........
.....≈................+....>.....
....≈≈..######...######..........
.....≈≈.# ##### #..........
......≈.# ....##...... ........#
.##.##......
........#############.## #......
.≈...........O.z.....=.# ##..###
........#######z@##### #.##..
........# #z.# ...#... ........#
..#..# .## #... ........# #.###.#
. #).#§ ........# ## ## #..##
#####...# .). # #...# .#. . #...#
##..##### ... #...# ##.......#
#)#


You could see 3 skeletal warriors and a two-headed ogre.

Vanquished Creatures
  2 trolls (D:9)
  Sigmund (D:4)
  Menkaure (D:4)
  Edmund (D:3)
  A water moccasin (D:10)
  7 orc warriors
  An ice beast (D:7)
  2 black bears
  8 ogres
  A phantom (D:6)
  7 bullfrogs
  A wyvern skeleton (D:6)
  A water moccasin skeleton (D:9)
  4 scorpions
  7 wights
  5 killer bees
  2 howler monkeys (D:8)
  2 bullfrog zombies
  2 jellies (D:6)
  2 hounds
  A quasit (D:9)
  7 orc wizards
  Crazy Yiuf (D:5)
  3 orc priests
  A bullfrog skeleton (D:5)
  An iguana (D:9)
  6 worker ants
  Natasha (thrice) (D:4)
  A killer bee zombie (D:8)
  A human simulacrum (D:10)
  2 hound zombies
  A worker ant zombie (D:9)
  3 gnolls
  A howler monkey skeleton (D:10)
  11 adders
  3 shadow imps
  3 white imps
  An ufetubus (D:6)
  3 oozes
  2 adder zombies
  A worm (D:6)
  4 dart slugs
  5 leopard geckos
  44 orcs
  3 ball pythons
  7 bats
  11 giant cockroaches
  5 goblins
  12 hobgoblins
  13 jackals
  5 quokkas
  6 frilled lizards
  A jackal skeleton (D:5)
  3 kobolds
  A leopard gecko skeleton (D:4)
  6 rats
240 creatures vanquished.

Vanquished Creatures (others)
  A hound (D:10)
  A human simulacrum (D:10)
  3 orcs (D:10)
  A fungus (D:5)
  3 plants (D:4)
9 creatures vanquished.

Grand Total: 249 creatures vanquished

Notes
Turn   | Place    | Note
-------+----------+-------------------------------------------
     0 | D:1      | Zeld the Merfolk Gladiator began the quest for the Orb.
     0 | D:1      | Reached XP level 1. HP: 16/16 MP: 1/1
   271 | D:1      | Reached XP level 2. HP: 22/22 MP: 2/2
   610 | D:1      | Reached skill level 5 in Polearms
  1072 | D:2      | Reached XP level 3. HP: 27/27 MP: 3/3
  1566 | D:2      | Reached XP level 4. HP: 26/33 MP: 4/4
  1833 | D:2      | Reached skill level 6 in Polearms
  2187 | D:3      | Reached XP level 5. HP: 20/38 MP: 5/5
  3043 | D:3      | Noticed an ogre
  3049 | D:3      | Reached skill level 7 in Polearms
  3761 | D:4      | Noticed Natasha
  3768 | D:4      | Killed Natasha
  3769 | D:4      | Reached skill level 8 in Polearms
  3769 | D:4      | Reached XP level 6. HP: 37/44 MP: 6/6
  3950 | D:5      | Entered Level 5 of the Dungeon
  4832 | D:4      | Found an ornate altar of the Wu Jian Council.
  4832 | D:4      | Found a bloodstained altar of Trog.
  4945 | D:4      | Noticed Menkaure
  4956 | D:4      | Killed Menkaure
  4957 | D:4      | Reached skill level 9 in Polearms
  4957 | D:4      | Reached XP level 7. HP: 14/50 MP: 7/7
  5211 | D:4      | Noticed Natasha
  5224 | D:4      | Killed Natasha
  5225 | D:4      | Reached skill level 10 in Polearms
  5612 | D:4      | Noticed Edmund
  5641 | D:4      | Noticed Sigmund
  5651 | D:4      | HP: 1/50 [Sigmund/+0 scythe (4)]
  5666 | D:4      | HP: 2/50 [Edmund/+5 flail of protection (2)]
  6542 | D:4      | Noticed Natasha
  6550 | D:4      | Killed Natasha
  6665 | D:4      | Killed Sigmund
  6666 | D:4      | Reached skill level 11 in Polearms
  7878 | D:5      | Found a runed translucent door.
  7879 | D:5      | Noticed Crazy Yiuf
  7885 | D:5      | Killed Crazy Yiuf
  7886 | D:5      | Reached XP level 8. HP: 56/56 MP: 8/8
  7946 | D:5      | Reached skill level 12 in Polearms
  9400 | D:6      | Reached skill level 13 in Polearms
 10095 | D:6      | Got a wavering bronze amulet
 10192 | D:5      | Reached skill level 14 in Polearms
 11186 | D:6      | Reached XP level 9. HP: 43/61 MP: 9/9
 11347 | D:6      | Found a glowing golden altar of the Shining One.
 11419 | D:6      | Identified the amulet of Jyduas {RegenMP rElec rF- Int+4}
                  | (You found it on level 6 of the Dungeon)
 11451 | D:6      | Reached skill level 15 in Polearms
 11885 | D:7      | Found a staircase to the Ecumenical Temple.
 11971 | Temple   | Entered the Ecumenical Temple
 12122 | Temple   | Became a worshipper of Yredelemnul the Dark
 12390 | D:7      | Reached skill level 16 in Polearms
 12440 | D:7      | Reached skill level 1 in Invocations
 13100 | D:4      | Reached skill level 5 in Dodging
 13583 | D:3      | Killed Edmund
 14780 | D:8      | Reached XP level 10. HP: 73/73 MP: 12/12
 14856 | D:8      | Reached * piety under Yredelemnul
 14999 | D:8      | Found a broken altar of Ashenzari.
 15189 | D:8      | Reached skill level 5 in Fighting
 15544 | D:9      | Reached skill level 5 in Throwing
 16118 | D:9      | Found a hide-covered altar of Uskayaw.
 16672 | D:9      | Found an iron altar of Okawaru.
 16763 | D:9      | Found a hazy altar of Hepliaklqana.
 16948 | D:9      | Found a staircase to the Orcish Mines.
 17116 | D:10     | Entered Level 10 of the Dungeon
 17439 | D:10     | Noticed a two-headed ogre
 17447 | D:10     | Noticed a two-headed ogre
 17694 | D:10     | Noticed a skeletal warrior
 17694 | D:10     | Noticed a skeletal warrior
 18184 | D:10     | Noticed a skeletal warrior
 18187 | D:10     | Noticed a skeletal warrior
 18189 | D:10     | Mangled by a skeletal warrior

Illustrated notes

Levels and vault maps discovered:
D:1:      onia_arrival_pentagram, layout_basic, minmay_fountain_box
D:2:      layout_basic
D:3:      layout_rooms
D:4:      layout_basic, gammafunk_temple_overflow_wave,
          corexii_leaking_fountain, sigmund_edmund_badplayer, uniq_natasha,
          uniq_menkaure
D:5:      layout_basic, uniq_crazy_yiuf_cottage
D:6:      layout_cave_pools, nicolae_tso_carved_into_rock
D:7:      layout_basic, minmay_temple_entry_tees
D:8:      layout_basic, evilmike_ruin_ashenzari
D:9:      layout_loops_ring, marbit_many_paths, nzn_hepliaklqana_mist_gate,
          david_orc_4, basic_altar
D:10:     layout_basic, nicolae_trove_entry_diagonal, bh_circular_ruins
Temple:   regret_index_temple_mists

Skill      XL: |  1  2  3  4  5  6  7  8  9 10 |
---------------+-------------------------------+-----
Polearms       | 5 6 8 9 11 14 16 | 16.0
Throwing       | 3 7 |  7.2
Invocations    | 3 4 |  4.3
Fighting       | 4 5 |  5.0
Dodging        | 6 |  6.8

Action                   |  1- 3 |  4- 6 |  7- 9 | 10-12 || total
-------------------------+-------+-------+-------+-------++-------
Melee: Trident           |   121 |   262 |   243 |       ||   626
       Halberd           |       |       |   244 |   222 ||   466
Throw: Throwing net      |       |     1 |       |     4 ||     5
Evoke: Wand              |       |       |       |     1 ||     1
  Use: Scroll            |       |     8 |     4 |     1 ||    13
 Stab: Sleeping          |     1 |     3 |     1 |     1 ||     6
       Distracted        |       |       |     1 |       ||     1
Armor: Leather armour    |    28 |    62 |    61 |     9 ||   160
       Troll leather arm |       |       |       |    24 ||    24
Dodge: Dodged            |    75 |   139 |   228 |   133 ||   575
